 Dungeon Crawl Stone Soup version 0.30.1-11-g7821555f0a (webtiles) character file.

Game seed: 2290313358186102398

23 Ancymen the Trooper (level 2, 0/27 HPs)
             Began as a Hill Orc Fighter on Nov 23, 2023.
             Succumbed to an adder's poison
             ... on level 2 of the Dungeon.
             The game lasted 00:02:36 (847 turns).

Ancymen the Trooper (Hill Orc Fighter)               Turns: 847, Time: 00:02:37

Health: 0/27       AC:  6    Str: 18    XL:     2   Next: 95%
Magic:  2/2        EV:  9    Int:  8    God:
Gold:   50         SH:  4    Dex: 10    Spells: 1/1 levels left

rFire   . . .        a - +0 war axe
rCold   . . .        c - +0 buckler
rNeg    . . .        b - +0 scale mail
rPois   .            (no helmet)
rElec   .            (no cloak)
rCorr   .            (no gloves)
SInv    .            (no boots)
Will    .....        (no amulet) Stlth
                     (no ring)
HPRegen 0.24/turn    (no ring)
MPRegen 0.08/turn

%: no passive effects
@: lethally poisoned (0 -> -5)
A: no striking features
a: no special abilities


You were on level 2 of the Dungeon.
You visited 1 branch of the dungeon, and saw 2 of its levels.

You collected 50 gold pieces.

Inventory:

Hand Weapons
 a - a +0 war axe (weapon)
Armour
 b - a +0 scale mail (worn)
 c - a +0 buckler (worn)
Scrolls
 g - a scroll of fog {unknown}
Potions
 d - a potion of might
 e - 3 potions of heal wounds
 f - a potion of mutation {unknown}


   Skills:
 + Level 3.8 Fighting
 + Level 3.5 Axes
 + Level 3.5 Armour
 + Level 0.2 Dodging
 + Level 3.5 Shields


You had one spell level left.
You didn't know any spells.
Your spell library was empty.

Dungeon Overview and Level Annotations

Branches:
Dungeon (2/15)

Altars:

Shops:
D:1 ?


Message History

You feel less attractive to monsters.
Found 3 gold pieces.
g - a scroll labelled NAICY HABRONE
Found a sling.
A frilled lizard comes into view.
A kobold comes into view. It is wielding a +0 whip.
The kobold shouts!
Found a short sword.
You see here a clear potion.
An adder comes into view.
The adder hisses angrily.
The kobold hits you with a +0 whip.
You closely miss the frilled lizard. You hit the kobold.
You block the frilled lizard's attack. The kobold hits you with a +0 whip.
You closely miss the kobold.
The kobold is heavily wounded.
You hit the frilled lizard.
You kill the frilled lizard!
The kobold hits you with a +0 whip. The adder bites you but does no damage.
The kobold hits you with a +0 whip.
You barely miss the kobold.
The kobold is heavily wounded.
You barely miss the adder. The adder bites you.
You are poisoned.
The adder poisons you! The kobold hits you but does no damage.
The adder bites you but does no damage.
You closely miss the kobold.
The kobold is heavily wounded.
You hit the adder.
You feel sick. The adder bites you but does no damage.
The kobold hits you with a +0 whip.
* * * LOW HITPOINT WARNING * * *
The adder bites you.
* * * LOW HITPOINT WARNING * * *
You are more poisoned.
The adder poisons you! The kobold hits you with a +0 whip.
* * * LOW HITPOINT WARNING * * *
You slash the kobold!
You kill the kobold!
You slash the adder!
You die...

)# ....# .. ...
#...##..# ...#
#..)..... .....
#.$.#... #...# ......
#...###...#.# ...
#.....#)S.#.### #..###
#.#.!.@<......
#.....##.#...........
...#....#........... #
#..##..#...........
###. #.....#...........
.....##................
............†..........
.......................
....^#.......#.#.......


You could see an adder.

Vanquished Creatures
  A dart slug (D:1)
  2 ball pythons (D:1)
  An endoplasm (D:2)
  3 giant cockroaches (D:1)
  A goblin (D:1)
  2 hobgoblins (D:1)
  2 quokkas (D:1)
  2 bats (D:1)
  3 frilled lizards
  2 kobolds
  A rat (D:2)
20 creatures vanquished.

Notes
Turn   | Place    | Note
-------+----------+-------------------------------------------
     0 | D:1      | Ancymen the Hill Orc Fighter began the quest for the Orb.
     0 | D:1      | Reached XP level 1. HP: 19/19 MP: 1/1
   276 | D:1      | Reached XP level 2. HP: 27/27 MP: 2/2
   662 | D:1      | Found Daza Zaa's Magic Scroll Shoppe.
   847 | D:2      | Succumbed to an adder's poison

Illustrated notes

Levels and vault maps discovered:
D:1:      kennysheep_arrival_seaside, layout_basic, serial_shops, shop_statue
D:2:      layout_rooms

Skill      XL: |  1 |
---------------+----+-----
Axes           | 3 |  3.5
Fighting       | |  3.8
Armour         | |  3.5
Dodging        | |  0.2
Shields        | |  3.5

Action                     || total
---------------------------++-------
  Melee: War axe           ||    82
    Use: Potion            ||     4
         Scroll            ||     3
 Armour: Scale mail        ||    69
  Dodge: Dodged            ||    55
  Block: Buckler           ||    28
